 Dungeon Crawl Stone Soup version 0.24.0-13-gcf9b319 (webtiles) character file.

Game seed: 516305173967976496, levelgen mode: deterministic

30 Bronimir the Grave Robber (level 3, -1/25 HPs)
             Began as a Demonspawn Necromancer on Apr 5, 2020.
             Slain by an adder (5 damage)
             ... on level 2 of the Dungeon.
             The game lasted 00:03:22 (2070 turns).

Bronimir the Grave Robber (Demonspawn Necromancer)  Turns: 2070, Time: 00:03:23

Health: -1/25      AC:  4    Str:  9    XL:     3   Next: 5%
Magic:  1/6        EV: 12    Int: 16    God:
Gold:   55         SH:  0    Dex: 13    Spells: 4/6 levels left

rFire    . . .     SeeInvis .   a - +0 spear
rCold    . . .     Gourm    .   (no shield)
rNeg     . . .     Faith    .   g - +0 robe
rPois    .         Spirit   .   (no helmet)
rElec    .         Reflect  .   (no cloak)
rCorr    .         Harm     .   (no gloves)
MR       .....                  (no boots)
Stlth    ++........             (no amulet)
HPRegen  0.08/turn              (no ring)
MPRegen  0.10/turn              (no ring)

@: lethally poisoned (-1 -> -4)
A: hooves 1, yellow scales 1
a: no special abilities


You were on level 2 of the Dungeon.
You were not hungry.

You visited 1 branch of the dungeon, and saw 2 of its levels.

You collected 55 gold pieces.

Inventory:

Hand Weapons
 a - a +0 spear (weapon)
 b - a +0 club
Missiles
 k - 2 boomerangs (quivered)
 l - 20 stones
Armour
 f - a +0 large shield
 g - a +0 robe (worn)
 h - a +0 ring mail
Jewellery
 d - an uncursed ring of protection from cold {unknown}
Scrolls
 e - a scroll of fog {unknown}
 i - 6 scrolls of identify {unknown}
 j - a scroll of fear {unknown}
 m - a scroll of magic mapping {unknown}
 n - a scroll of random uselessness {unknown}
 o - a scroll of remove curse {unknown}
 p - a scroll of teleportation {unknown}
Potions
 q - a potion of curing {unknown}
Comestibles
 c - 7 rations


   Skills:
 + Level 0.4 Fighting
 * Level 0.7 Armour
 + Level 1.8 Dodging
 - Level 1.7 Stealth
 + Level 2.0 Spellcasting
 * Level 5.2 Necromancy


You had 4 spell levels left.
You knew the following spells:

 Your Spells              Type           Power        Failure   Level  Hunger
a - Pain                  Necr           ###.         2%          1    #......
b - Animate Skeleton      Necr           N/A          2%          1    #......

Your spell library contained the following spells:

 Spells                   Type           Power        Failure   Level  Hunger
 Vampiric Draining        Necr           ###.......   8%          3    ###....
 Regeneration             Chrm/Necr      #.........   22%         3    ###....
 Animate Dead             Necr           N/A          24%         4    #####..


Dungeon Overview and Level Annotations

Branches:
Dungeon (2/15)

Altars:
Fedhas
Makhleb


Innate Abilities, Weirdness & Mutations

You have large cloven feet.
You are partially covered in yellow scales. (AC +2)


Message History

The adder misses you. The adder closely misses you.
There is a stone staircase leading down here.
Casting: Pain (safe; 2% risk of failure)
Confirm with . or Enter, or press ? or * to list all spells.
Aiming: Pain (safe; 2% risk of failure)
Press: ? - help, Shift-Dir - straight line, f - adder
Aim: an adder (chance to defeat MR: 84%)
The adder writhes in agony.
The adder barely misses you. The adder bites you but does no damage.
You see here a +0 club.
The adder bites you.
* * * LOW HITPOINT WARNING * * *
You are poisoned.
The adder poisons you!
* * * LOW HITPOINT WARNING * * *
You feel sick.
* * * LOW HITPOINT WARNING * * *
You feel sick. The adder bites you.
You die...

#.....###......## #...####
####>...........####.......
#.......................
##.)..#####.#.######....
#....# #.#..# ##### #..g.#
#.##.######... #....#
#.............
#..gr#########.#####...
#....S@.........# #...
####.#####.####.## #...
#.#<....# #..# #...
###.####### ##.###...
#......########..###.#
#.#.##.##.........# .#
#######+#.# ##.........#
#.........# ##.........#
#.........# .##.........#


You could see an adder, a quokka and a goblin.

Vanquished Creatures
  An adder (D:2)
  A worm (D:2)
  A dart slug (D:1)
  3 bats (D:1)
  A giant cockroach (D:1)
  2 goblins (D:1)
  4 hobgoblins
  A ball python (D:2)
  A frilled lizard (D:1)
  A kobold (D:2)
  3 rats (D:2)
19 creatures vanquished.

Notes
Turn   | Place    | Note
-------+----------+-------------------------------------------
     0 | D:1      | Bronimir the Demonspawn Necromancer began the quest for the
                  | Orb.
     0 | D:1      | Reached XP level 1. HP: 13/13 MP: 3/3
   625 | D:1      | Gained mutation: You are partially covered in yellow
                  | scales. (AC +2) [demonic ancestry]
   625 | D:1      | Reached XP level 2. HP: 8/19 MP: 1/5
  1656 | D:2      | Learned a level 1 spell: Animate Skeleton
  1665 | D:2      | Reached skill level 5 in Necromancy
  1925 | D:2      | Found a blossoming altar of Fedhas.
  1936 | D:2      | Found a burning altar of Makhleb.
  2057 | D:2      | Gained mutation: You have large cloven feet. [demonic
                  | ancestry]
  2057 | D:2      | Reached XP level 3. HP: 11/25 MP: 0/6
  2070 | D:2      | Slain by an adder

Levels and vault maps discovered:
D:1:      lordsloth_arrival_two_stooges, layout_loops_ring, patterned_corridor
D:2:      layout_basic, fedhas_ov_isle_minmay, bloody_makhleb, first_ration,
          minmay_joined_circles

Skill      XL: |  1  2 |
---------------+-------+-----
Necromancy     | 5 |  5.2
Fighting       | |  0.4
Armour         | |  0.7
Dodging        | |  1.8
Stealth        | |  1.7
Spellcasting   | |  2.0

Action                   || total
-------------------------++-------
Melee: Spear             ||    60
       Unarmed           ||     9
Throw: Boomerang         ||     3
 Cast: Pain              ||    20
       Animate Skeleton  ||     1
 Stab: Sleeping          ||     2
  Eat: Chunk             ||     4
Armor: Robe              ||    20
Dodge: Dodged            ||    58
